 Dungeon Crawl Stone Soup version 0.29.0-4-gdea44cf6ec (webtiles) character file.

Game seed: 11094432177515290768

2073 qw the Cleaver (level 9, -2/57 HPs)
             Began as a Gargoyle Berserker on Sept 6, 2022.
             Was a Priest of Trog.
             Slain by a lemure (7 damage)
             ... led by Pikel
             ... on level 6 of the Dungeon.
             The game lasted 00:02:24 (6474 turns).

qw the Cleaver (Gargoyle Berserker)                 Turns: 6474, Time: 00:02:24

Health: -2/57      AC: 17    Str: 24    XL:     9   Next: 26%
Magic:  9/9        EV:  8    Int:  9    God:    Trog [***...]
Gold:   273        SH:  0    Dex:  9    Spells: 8/8 levels left

rFire   . . .      SeeInvis .   Y - +0 war axe
rCold   . . .      Faith    .   (no shield)
rNeg    + . .      Spirit   .   m - +0 chain mail
rPois   inf        Reflect  .   b - +0 helmet
rElec   +          Harm     .   (no cloak)
rCorr   .          Rampage  .   (no gloves)
Will    +....                   (no boots)
Stlth   ..........              (no amulet)
HPRegen 0.19/turn               i - ring of willpower
MPRegen 0.11/turn               (no ring)

@: on berserk cooldown, slowed, very slow
A: sickness immunity, AC +6, negative energy resistance 1, electricity
resistance, torment resistance 1, petrification resistance
a: Renounce Religion, Berserk, Trog's Hand


You were on level 6 of the Dungeon.
You worshipped Trog.
Trog was most pleased with you.
You visited 1 branch of the dungeon, and saw 6 of its levels.

You collected 273 gold pieces.


Innate Abilities, Weirdness & Mutations

You are immune to sickness and miasma.
Your stone body is resilient. (AC +6)
You are immune to poison.
You resist negative energy. (rN+)
You are resistant to electric shocks. (rElec)
You are resistant to unholy torment.
You are immune to petrification.


   Skills:
 - Level 7.2 Fighting
 + Level 9.5 Axes
 - Level 4.0 Armour
 - Level 1.5 Dodging


You had 8 spell levels left.
You didn't know any spells.
Your spell library was empty.

Inventory:

Hand Weapons
 j - a +0 mace
 Y - a +0 war axe (weapon)
Armour
 b - a +0 helmet (worn)
 d - a +0 buckler
 m - a +0 chain mail (worn)
Jewellery
 i - a ring of willpower (left hand)
Scrolls
 a - a scroll of identify
Potions
 c - 2 potions of curing
 e - 2 potions of haste
 k - a potion of mutation
 l - a potion of resistance {unknown}

Dungeon Overview and Level Annotations

Branches:
Dungeon (6/15)
 Temple: D:4-7

Altars:
Dithmenos
Gozag
Okawaru
Qazlal

Annotations:
D:5 1 runed translucent door, qw's ghost, novice GrBe
D:6 Pikel


Message History

The lemure barely misses you. x2; The lemure hits you but does no damage.
Pikel hits you but does no damage.
You completely miss Pikel.
Pikel is heavily wounded.
You closely miss the lemure. You hit the lemure but do no damage.
You slash the lemure!
The lemure hits you but does no damage. x2
Pikel hits you with a +2 whip of freezing!
Pikel freezes you.
The lemure hits you but does no damage. x2
The lemure closely misses you. x2
Pikel hits you with a +2 whip of freezing.
Pikel freezes you.
You closely miss the lemure.
The lemure is severely wounded.
You completely miss the lemure. You miss the lemure. You hit Pikel.
The lemure hits you but does no damage. x3
Pikel hits you with a +2 whip of freezing.
Pikel freezes you.
You closely miss Pikel.
Pikel is severely wounded.
You closely miss the lemure. You hit the lemure. You closely miss the lemure.
The lemure hits you but does no damage. The lemure closely misses you.
The lemure hits you but does no damage. Pikel hits you but does no damage.
The lemure barely misses you.
Pikel hits you with a +2 whip of freezing.
Pikel freezes you. The lemure hits you. The lemure barely misses you.
You miss Pikel.
Pikel is severely wounded.
You closely miss the lemure. x2; You hit the lemure.
The lemure hits you but does no damage. The lemure barely misses you. x2
Pikel hits you but does no damage.
You hit the lemure but do no damage.
The lemure is almost dead.
You hit the lemure. You slash Pikel! You hit the lemure.
The lemure hits you but does no damage. x2; The lemure closely misses you.
Pikel hits you but does no damage.
Pikel hits you with a +2 whip of freezing.
Pikel freezes you. The lemure hits you but does no damage. The lemure hits you.
The lemure hits you!
You die...

.###.. .#... ........#
.#.## # #.......#
#...#.# ##.......#
%.....###........##
..........:.......
......##.......#.#
#......#.#.....5K#
##.#...........5@#
##%#.....##....5)#
##.#.....###..>#))......
........# ##.##.##.....
##.#.########.##.. ....
##.#.####~~~~.####. ~~.
...#.#..~~##~..# ~~ ~.
####.#.~~##~~~~~~~~## .
##)~~~~~###########


You could see Pikel and 3 lemures.

Vanquished Creatures
  Grinder (D:4)
  Sigmund (D:2)
  Edmund (D:5)
  A water moccasin (D:5)
  2 ice beasts
  2 black bears
  A lemure (D:6)
  A phantom (D:5)
  Blork the orc (D:4)
  A bullfrog (D:6)
  A necrophage (D:4)
  A scorpion (D:5)
  4 hounds (D:5)
  2 orc priests
  A gnoll bouda (D:6)
  A jelly (D:5)
  5 iguanas
  Natasha (twice) (D:4)
  4 orc wizards (D:4)
  Robin (D:2)
  4 adders
  5 gnolls
  8 river rats (D:5)
  A shadow imp (D:6)
  An ufetubus (D:4)
  A worm (D:4)
  A dart slug (D:1)
  12 orcs
  3 bats (D:1)
  9 endoplasms
  7 giant cockroaches
  11 goblins
  12 hobgoblins
  7 jackals (D:4)
  5 kobolds
  11 quokkas
  5 ball pythons
  A frilled lizard (D:1)
  14 rats
152 creatures vanquished.

Vanquished Creatures (others)
  2 plants (D:1)
2 creatures vanquished.

Grand Total: 154 creatures vanquished

Notes
Turn   | Place    | Note
-------+----------+-------------------------------------------
     0 | D:1      | qw the Gargoyle Berserker began the quest for the Orb.
     0 | D:1      | Reached XP level 1. HP: 14/14 MP: 1/1
     0 | D:1      | 0 ||| qw: Version: 0.1-a-108-g9e35731
     0 | D:1      | 0 ||| qw: Game counter: 6391
     0 | D:1      | 0 ||| qw: Always use a shield: true
     0 | D:1      | 0 ||| qw: Do Orc after D:15 true
     0 | D:1      | 0 ||| qw: Do second Lair branch before Depths: true
     0 | D:1      | 0 ||| qw: Lair rune preference: random
     0 | D:1      | 0 ||| qw: Plans: Normal
     0 | D:1      | 0 ||| PLANNING D:1-11
    26 | D:1      | 26 ||| Stepping ~*~*~tactically~*~*~ (stealth).
    29 | D:1      | 29 ||| Stepping ~*~*~tactically~*~*~ (stealth).
    45 | D:1      | Reached skill level 3 in Axes
    47 | D:1      | 47 ||| INVOKING Berserk.
   227 | D:1      | Reached XP level 2. HP: 18/19 MP: 2/2
   318 | D:1      | 318 ||| Stepping ~*~*~tactically~*~*~ (stealth).
   453 | D:1      | 453 ||| Stepping ~*~*~tactically~*~*~ (stealth).
   478 | D:1      | 478 ||| INVOKING Berserk.
   482 | D:1      | Reached XP level 3. HP: 16/23 MP: 3/3
   812 | D:1      | 812 ||| Stepping ~*~*~tactically~*~*~ (hiding).
   915 | D:1      | 915 ||| INVOKING Berserk.
   919 | D:1      | Reached skill level 4 in Axes
   964 | D:1      | 964 ||| Stepping ~*~*~tactically~*~*~ (stealth).
   967 | D:1      | 967 ||| Stepping ~*~*~tactically~*~*~ (stealth).
  1030 | D:1      | 1030 ||| Stepping ~*~*~tactically~*~*~ (stealth).
  1320 | D:1      | 1320 ||| UPGRADING to +0 leather armour.
  1330 | D:1      | 1330 ||| DROPPING +0 animal skin.
  1331 | D:1      | 1331 ||| READING 2 scrolls labelled DEKEB NIGAM.
  1332 | D:1      | 1332 ||| READING scroll labelled BAT MUKLUGGETT.
  1333 | D:1      | 1333 ||| READING scroll labelled AGAYSE KARCH.
  1334 | D:1      | 1334 ||| READING 2 scrolls labelled IMOPLACW IROCW.
  1335 | D:1      | 1335 ||| READING 2 scrolls labelled NUCKIA USTRIF.
  1336 | D:1      | 1336 ||| READING scroll labelled FESHRU CURIMOU.
  1392 | D:1      | 1392 ||| DROPPING scroll of blinking.
  1393 | D:1      | 1393 ||| DROPPING scroll of fear.
  1414 | D:2      | Reached ** piety under Trog
  1462 | D:2      | Noticed Robin
  1464 | D:2      | 1464 ||| Stepping ~*~*~tactically~*~*~ (hiding).
  1467 | D:2      | 1467 ||| INVOKING Berserk.
  1475 | D:2      | Reached XP level 4. HP: 27/28 MP: 4/4
  1479 | D:2      | Killed Robin
  1796 | D:2      | 1796 ||| Stepping ~*~*~tactically~*~*~ (stealth).
  1806 | D:2      | 1806 ||| Stepping ~*~*~tactically~*~*~ (stealth).
  1807 | D:2      | 1807 ||| Stepping ~*~*~tactically~*~*~ (stealth).
  1910 | D:2      | Noticed Sigmund
  1911 | D:2      | 1911 ||| Stepping ~*~*~tactically~*~*~ (hiding).
  1917 | D:2      | 1917 ||| INVOKING Berserk.
  1926 | D:2      | Killed Sigmund
  1927 | D:2      | Reached skill level 6 in Axes
  1927 | D:2      | Reached XP level 5. HP: 31/32 MP: 5/5
  1927 | D:2      | Reached XP level 6. HP: 36/37 MP: 6/6
  2242 | D:2      | 2242 ||| UPGRADING to +0 helmet.
  2247 | D:2      | 2247 ||| UPGRADING to +0 ring mail.
  2257 | D:2      | 2257 ||| DROPPING +0 leather armour.
  2278 | D:3      | 2278 ||| STAIRDANCE
  2459 | D:3      | Found an iron altar of Okawaru.
  2692 | D:3      | 2692 ||| DROPPING amulet of faith.
  2693 | D:3      | 2693 ||| UPGRADING to ring of willpower.
  2694 | D:3      | 2694 ||| READING scroll labelled BITYXT TULE.
  2695 | D:3      | 2695 ||| READING scroll labelled ODUWOT NOIVVIA.
  2696 | D:3      | 2696 ||| DRINKING 2 pink potions.
  2697 | D:3      | 2697 ||| DRINKING 2 bubbling puce potions.
  2698 | D:3      | 2698 ||| READING 2 scrolls of identify.
  2698 | D:3      | 2698 ||| IDENTIFYING smoky red potion
  2974 | D:4      | Noticed Natasha
  2975 | D:4      | 2975 ||| Stepping ~*~*~tactically~*~*~ (hiding).
  2977 | D:4      | Found a shadowy altar of Dithmenos.
  2978 | D:4      | 2978 ||| INVOKING Berserk.
  2984 | D:4      | Killed Natasha
  2989 | D:4      | 2989 ||| Stepping ~*~*~tactically~*~*~ (stealth).
  3110 | D:4      | 3110 ||| INVOKING Berserk.
  3310 | D:4      | Reached XP level 7. HP: 34/43 MP: 7/7
  3409 | D:4      | 3409 ||| INVOKING Berserk.
  3413 | D:4      | Reached skill level 7 in Axes
  3677 | D:4      | Noticed Grinder
  3678 | D:4      | 3678 ||| INVOKING Trog's Hand.
  3681 | D:4      | 3681 ||| INVOKING Berserk.
  3698 | D:4      | Paralysed by Grinder for 3 turns
  3701 | D:4      | 3701 ||| INVOKING Trog's Hand.
  3704 | D:4      | Killed Grinder
  3768 | D:4      | 3768 ||| READING 2 scrolls of identify.
  3768 | D:4      | 3768 ||| IDENTIFYING fuming black potion
  3769 | D:4      | 3769 ||| DROPPING potion of flight.
  3802 | D:4      | Noticed Natasha
  3803 | D:4      | 3803 ||| Stepping ~*~*~tactically~*~*~ (hiding).
  3804 | D:4      | 3804 ||| Stepping ~*~*~tactically~*~*~ (hiding).
  3809 | D:4      | 3809 ||| INVOKING Berserk.
  3812 | D:4      | Killed Natasha
  3877 | D:4      | 3877 ||| Stepping ~*~*~tactically~*~*~ (stealth).
  3895 | D:4      | 3895 ||| Stepping ~*~*~tactically~*~*~ (stealth).
  3898 | D:4      | 3898 ||| INVOKING Berserk.
  3909 | D:4      | Reached XP level 8. HP: 51/51 MP: 8/8
  4108 | D:4      | Noticed Blork the orc
  4109 | D:4      | 4109 ||| INVOKING Berserk.
  4112 | D:4      | Killed Blork the orc
  4328 | D:4      | 4328 ||| UPGRADING to +0 scale mail.
  4338 | D:4      | 4338 ||| DROPPING +0 ring mail.
  4339 | D:4      | 4339 ||| UPGRADING to +0 chain mail.
  4349 | D:4      | 4349 ||| DROPPING +0 scale mail.
  4406 | D:5      | Entered Level 5 of the Dungeon
  4492 | D:5      | Found a runed translucent door.
  4511 | D:5      | Noticed qw's ghost (novice GrBe)
  4512 | D:5      | Reached *** piety under Trog
  4513 | D:5      | Reached skill level 3 in Armour
  4579 | D:5      | Reached skill level 8 in Axes
  4629 | D:5      | Noticed Edmund
  4634 | D:5      | 4634 ||| INVOKING Berserk.
  4641 | D:5      | Killed Edmund
  4642 | D:5      | Reached skill level 6 in Fighting
  4796 | D:5      | 4796 ||| INVOKING Berserk.
  4964 | D:5      | 4964 ||| Stepping ~*~*~tactically~*~*~ (stealth).
  4995 | D:5      | 4995 ||| INVOKING Berserk.
  5216 | D:5      | 5216 ||| Stepping ~*~*~tactically~*~*~ (stealth).
  5217 | D:5      | 5217 ||| SWAPPING to +0 war axe.
  5218 | D:5      | 5218 ||| Stepping ~*~*~tactically~*~*~ (stealth).
  5237 | D:5      | 5237 ||| Stepping ~*~*~tactically~*~*~ (stealth).
  5238 | D:5      | 5238 ||| Stepping ~*~*~tactically~*~*~ (stealth).
  5253 | D:5      | 5253 ||| DROPPING +0 vorpal hand axe.
  5509 | D:5      | Reached skill level 9 in Axes
  5509 | D:5      | Reached XP level 9. HP: 55/55 MP: 9/9
  5618 | D:5      | 5618 ||| READING scroll labelled ADDEECIQ LIXU.
  5619 | D:5      | 5619 ||| READING scroll labelled AKIGIBR ESEI.
  5632 | D:5      | 5632 ||| READING 3 scrolls of identify.
  5632 | D:5      | 5632 ||| IDENTIFYING metallic emerald potion
  5633 | D:5      | 5633 ||| READING 2 scrolls of identify.
  5633 | D:5      | 5633 ||| IDENTIFYING sapphire potion
  5634 | D:5      | 5634 ||| DROPPING potion of degeneration.
  5760 | D:6      | 5760 ||| Stepping ~*~*~tactically~*~*~ (stealth).
  5766 | D:6      | 5766 ||| INVOKING Berserk.
  5985 | D:6      | 5985 ||| Stepping ~*~*~tactically~*~*~ (hiding).
  5988 | D:6      | 5988 ||| INVOKING Berserk.
  6176 | D:6      | Found a stormy altar of Qazlal.
  6304 | D:6      | Found an opulent altar of Gozag.
  6434 | D:6      | 6434 ||| Stepping ~*~*~tactically~*~*~ (hiding).
  6438 | D:6      | 6438 ||| INVOKING Berserk.
  6455 | D:6      | Noticed Pikel
  6468 | D:6      | HP: 13/57 [Pikel/+2 whip of freezing (3)]
  6469 | D:6      | 6469 ||| DRINKING potion of heal wounds.
  6474 | D:6      | HP: 7/57 [Pikel/+2 whip of freezing (2)]
  6474 | D:6      | Slain by a lemure

Levels and vault maps discovered:
D:1:      lightli_arrival_chessboard, layout_rooms, serial_forest,
          infiniplex_forest_lined_3_way, infiniplex_forest_straight_3,
          infiniplex_forest_3_way, infiniplex_forest_clump_tiny,
          infiniplex_forest_lined_4_way
D:2:      layout_loops_ring, uniq_robin, uniq_sigmund
D:3:      layout_rooms, okawaru_gym_becter
D:4:      layout_basic, nicolae_dithmenos_shadow_blocks, uniq_natasha,
          uniq_blork_the_orc, uniq_grinder
D:5:      lemuel_ratsnest, layout_basic, gammafunk_ghost_grave, uniq_edmund
D:6:      layout_loops_ring, grunt_gozag_statues, mainiacjoe_overflow_paths,
          minmay_manual_mullet, uniq_pikel

Skill      XL: |  1  2  3  4  5  6  7  8  9 |
---------------+----------------------------+-----
Axes           | 3 4 6 7 9 |  9.5
Fighting       | 4 5 6 7 |  7.2
Armour         | 4 |  4.0
Dodging        | |  1.5

Action                   |  1- 3 |  4- 6 |  7- 9 || total
-------------------------+-------+-------+-------++-------
Melee: Hand axe          |   126 |   100 |   174 ||   400
       Punch             |       |     2 |     4 ||     6
       War axe           |       |       |   133 ||   133
Invok: Berserk           |     4 |     3 |    11 ||    18
       Trog's Hand       |       |       |     2 ||     2
  Use: Scroll            |     6 |     3 |     5 ||    14
       Potion            |       |     2 |     1 ||     3
Armor: Animal skin       |    36 |       |       ||    36
       Leather armour    |    13 |    11 |       ||    24
       Ring mail         |       |    23 |    17 ||    40
       Chain mail        |       |       |   151 ||   151
Dodge: Dodged            |    79 |    48 |   117 ||   244

Table legend:
 A = Non-vault XP
 B = Vault XP
 C = Vault XP percentage of total XP
 D = Non-vault monster count
 E = Vault monster count
 F = Vault count percentage of total count
                 A         B        C        D         E       F
            +---------+---------+-------+---------+---------+-------
      Total |    1782 |    1180 |  39.8 |     104 |      47 |  31.1
            +---------+---------+-------+---------+---------+-------
        D:1 |      66 |       0 |   0.0 |      29 |       0 |   0.0
        D:2 |      14 |     265 |  95.0 |       8 |      12 |  60.0
        D:3 |      17 |       0 |   0.0 |       3 |       0 |   0.0
        D:4 |     556 |     397 |  41.7 |      36 |       3 |   7.7
        D:5 |     520 |     518 |  49.9 |       9 |      32 |  78.0
        D:6 |     609 |       0 |   0.0 |      19 |       0 |   0.0
            +---------+---------+-------+---------+---------+-------
